 Dungeon Crawl Stone Soup version 0.28.0 (webtiles) character file.

Game seed: 10944383004216319137

227 RighteousDevil the Poker (level 6, 0/52 HPs)
             Began as a Naga Warper on Feb 14, 2022.
             Was a Believer of Sif Muna.
             Slain by a black bear (2 damage)
             ... on level 4 of the Dungeon on Feb 15, 2022.
             The game lasted 00:06:22 (4384 turns).

RighteousDevil the Poker (Naga Warper)              Turns: 4384, Time: 00:06:24

Health: 0/52       AC:  6    Str: 16    XL:     6   Next: 2%
Magic:  7/9        EV:  9    Int: 13    God:    Sif Muna [**....]
Gold:   211        SH:  0    Dex: 10    Spells: 7/9 levels left

rFire   . . .      SeeInvis +   a - +1 spear (freeze)
rCold   . . .      Faith    .   (no shield)
rNeg    . . .      Spirit   .   b - +0 leather armour
rPois   +          Reflect  .   f - +1 helmet
rElec   .          Harm     .   k - scarf {+Inv}
rCorr   .          Rampage  .   h - +0 pair of gloves
Will    .....                   (no barding)
Stlth   +.........              (no amulet)
HPRegen 0.17/turn               (no ring)
MPRegen 0.11/turn               (no ring)

@: attractive, very slow
A: AC +2, large, see invisible, deformed body, poison resistance, slowness 2,
spit poison 1, naga tail 1
a: Spit Poison, Renounce Religion, Evoke Invisibility, Channel Magic


You were on level 4 of the Dungeon.
You worshipped Sif Muna.
Sif Muna was pleased with you.
You visited 1 branch of the dungeon, and saw 4 of its levels.

You collected 211 gold pieces.

Inventory:

Hand Weapons
 a - a +1 spear of freezing (weapon)
Missiles
 d - 2 boomerangs of dispersal (quivered)
Armour
 b - a +0 leather armour (worn)
 e - a +0 ring mail
 f - a +1 helmet (worn)
 h - a +0 pair of gloves (worn)
 k - a scarf of invisibility (worn)
Scrolls
 g - 2 scrolls of teleportation
 l - a scroll of fear
 n - a scroll of vulnerability


   Skills:
 + Level 2.1 Fighting
 - Level 6.0 Polearms
 - Level 0.8 Throwing
 - Level 0.7 Armour
 - Level 1.5 Dodging
 - Level 2.0 Spellcasting
 - Level 3.0 Translocations
 + Level 0.6 Poison Magic


You had 7 spell levels left.
You knew the following spells:

 Your Spells              Type           Power      Damage    Failure   Level
a - Blink                 Tloc           18%        N/A       14%         2

Your spell library contained the following spells:

 Spells                   Type           Power      Damage    Failure   Level
 Gell's Gravitas          Tloc           9%         N/A       26%         3
 Lesser Beckoning         Tloc           9%         N/A       26%         3
 Teleport Other           Tloc           9%         N/A       26%         3
 Manifold Assault         Tloc           9%         N/A       94%         5


Dungeon Overview and Level Annotations

Branches:
Dungeon (4/15)
 Temple: D:4-7

Altars:
Sif Muna

Shops:
D:2 :   D:3 [

Annotations:
D:4 Grinder


Innate Abilities, Weirdness & Mutations

Your serpentine skin is tough. (AC +2)
You have supernaturally acute eyesight. (SInv)
Armour fits poorly on your strangely shaped body.
Your system is resistant to poisons. (rPois)
You cover ground very slowly.
You can spit poison.
You have a snake-like lower body.


Message History

Casting: Blink (safe; 14% risk of failure)
Confirm with . or Enter, or press ? or * to list all spells.
Okay, then.
You closely miss Grinder.
Grinder is moderately wounded.
Grinder gestures at you.
You suddenly lose the ability to move!
The black bear bites you.
The black bear claws you but does no damage.
The black bear claws you. Grinder hits you. The black bear bites you.
The black bear claws you but does no damage.
The black bear claws you. Grinder hits you! The black bear bites you.
The black bear claws you but does no damage. x2
Grinder hits you.
* * * LOW HITPOINT WARNING * * *
You writhe in agony.
* * * LOW HITPOINT WARNING * * *
You can move again.
Unknown command.
Unknown command.
You barely miss Grinder.
Grinder is moderately wounded.
You feel stable enough to blink again. The black bear closely misses you.
The black bear claws you but does no damage.
The black bear claws you.
* * * LOW HITPOINT WARNING * * *
Grinder hits you but does no damage.
Unknown command.
Unknown command.
Unknown command.
You hit Grinder but do no damage.
Grinder is moderately wounded.
The black bear bites you but does no damage.
The black bear claws you.
* * * LOW HITPOINT WARNING * * *
The black bear claws you.
You die...

#..............>......
+.##........####.#..#.
#...........'.........
#.#.........#.........
#.#...................
#...######.##.........
#...# #.##...######
#.### #.##........
####.#
#.##@.##########
.....# #.
#h5#........# ###.[#
#. #..#.######.# ##.#
#..#.# #.# #.## #..#<#
#.# #..# #..#.# #.#
#..## #..#.# #.# #..^#
#.(########.# #.#.##
#...........#


You could see Grinder and a black bear.

Vanquished Creatures
  2 jellies (D:2)
  Natasha (twice) (D:3)
  2 adders (D:3)
  A worm (D:2)
  4 dart slugs
  3 orcs (D:3)
  9 ball pythons
  7 bats
  12 endoplasms
  4 giant cockroaches
  8 goblins
  3 hobgoblins
  4 quokkas
  3 frilled lizards
  16 kobolds
  2 rats (D:2)
82 creatures vanquished.

Vanquished Creatures (others)
  7 fungi (D:2)
  A plant (D:3)
  5 toadstools (D:2)
13 creatures vanquished.

Grand Total: 95 creatures vanquished

Notes
Turn   | Place    | Note
-------+----------+-------------------------------------------
     0 | D:1      | RighteousDevil the Naga Warper began the quest for the Orb.
     0 | D:1      | Reached XP level 1. HP: 19/19 MP: 3/3
   644 | D:1      | Reached XP level 2. HP: 26/26 MP: 5/5
   775 | D:1      | Reached skill level 3 in Polearms
  1373 | D:1      | Reached XP level 3. HP: 31/32 MP: 6/6
  1497 | D:1      | Noticed an eye of devastation
  1515 | D:1      | Found a faded altar of an unknown god.
  1621 | D:1      | Noticed an eye of devastation
  1621 | D:1      | Noticed a great orb of eyes
  1621 | D:1      | Noticed a great orb of eyes
  2494 | D:2      | Found Hut Qoil's Book Shoppe.
  2562 | D:2      | Reached skill level 4 in Polearms
  2798 | D:2      | Reached XP level 4. HP: 20/39 MP: 7/7
  2986 | D:1      | Prayed at the altar of an unknown god.
  2986 | D:1      | Became a worshipper of Sif Muna the Loreminder
  2986 | D:1      | Reached * piety under Sif Muna
  3079 | D:2      | Reached skill level 5 in Polearms
  3079 | D:2      | Reached XP level 5. HP: 7/45 MP: 8/8
  3416 | D:2      | Learned a level 2 spell: Blink
  3492 | D:3      | Found Hecsiol's Armour Shop.
  3732 | D:3      | Noticed Natasha
  3740 | D:3      | Killed Natasha
  3745 | D:3      | Reached ** piety under Sif Muna
  4066 | D:3      | Noticed Natasha
  4112 | D:3      | Killed Natasha
  4113 | D:3      | Reached skill level 6 in Polearms
  4113 | D:3      | Reached XP level 6. HP: 39/52 MP: 9/9
  4358 | D:4      | Noticed Grinder
  4359 | D:4      | Noticed a black bear
  4379 | D:4      | Paralysed by Grinder for 3 turns
  4384 | D:4      | HP: 2/52 [black bear (2)]
  4384 | D:4      | Slain by a black bear

Illustrated notes

Levels and vault maps discovered:
D:1:      dpeg_cavernosity, layout_basic, hellmonk_ecumenical_altar_watching_god
D:2:      cheibrodos_fertilizer, layout_loops_ring, serial_shops,
          nicolae_shop_statue_plus, minivault_23
D:3:      corexii_shack_village, layout_rooms, serial_shops, shop_coins,
          serial_glass, glass_columns_a, glass_columns_a, uniq_natasha
D:4:      layout_basic, minmay_misc_feat_ornament, minmay_door_square,
          uniq_grinder, uniq_robin

Skill      XL: |  1  2  3  4  5 |
---------------+----------------+-----
Polearms       | 3 4 5 6 |  6.0
Fighting       | |  2.1
Throwing       | |  0.8
Armour         | |  0.7
Dodging        | |  1.5
Spellcasting   | |  2.0
Translocations | |  3.0
Poison Magic   | |  0.6

Action                   |  1- 3 |  4- 6 || total
-------------------------+-------+-------++-------
Melee: Spear             |   189 |   116 ||   305
       Punch             |     1 |       ||     1
Throw: Boomerang         |       |     3 ||     3
 Cast: Blink             |       |     1 ||     1
  Use: Scroll            |     2 |     6 ||     8
       Potion            |       |     4 ||     4
 Stab: Sleeping          |       |     1 ||     1
Armor: Leather armour    |    58 |    33 ||    91
Dodge: Dodged            |    73 |    25 ||    98
